| TOP OF THE 1ST |
|
Round Rock Express batting - Pitching for Charlotte Knights : RHP Emilio Gonzalez
|
|
Pitching: RHP Emilio Gonzalez
|
|
|
Batting: LHB Jody Hudson
|
0-0: Ball 1-0: Swinging Strike 1-1: Ball 2-1: Swinging Strike 2-2: Fly out, F5 (Popup, 5SF, EV 78.1 MPH)
|
|
Batting: RHB Bill Turnbull
|
0-0: Called Strike 0-1: Bunt for hit to 15 - play at first, batter OUT! 1-3
|
|
Batting: LHB Josh Stuck
|
0-0: Called Strike 0-1: Swinging Strike 0-2: Ball 1-2: Ball 2-2: Fly out, F8 (Flyball, 8RD, EV 98.8 MPH)
|
| Top of the 1st over - 0 runs, 0 hits, 0 errors, 0 left on base; Round Rock 0 - Charlotte 0 |
| BOTTOM OF THE 1ST |
|
Charlotte Knights batting - Pitching for Round Rock Express : RHP Eric Richards
|
|
Pitching: RHP Eric Richards
|
|
|
Batting: RHB Jeremy Hoffert
|
0-0: Called Strike 0-1: Fly out, F4 (Popup, 23, EV 90.0 MPH)
|
|
Batting: LHB Carlos Ramirez
|
0-0: Ball 1-0: Foul Ball, location: 2F 1-1: Ball 2-1: Foul Ball, location: 2F 2-2: Foul Ball, location: 2F 2-2: Ball 3-2: Strikes out swinging
|
|
Batting: LHB Ricardo Pagan
|
0-0: Ball 1-0: Foul Ball, location: 2F 1-1: Swinging Strike 1-2: Foul Ball, location: 2F 1-2: Foul Ball, location: 2F 1-2: Foul Ball, location: 2F 1-2: Ball 2-2: Strikes out swinging
|
| Bottom of the 1st over - 0 runs, 0 hits, 0 errors, 0 left on base; Round Rock 0 - Charlotte 0 |
| TOP OF THE 2ND |
|
Round Rock Express batting - Pitching for Charlotte Knights : RHP Emilio Gonzalez
|
|
Batting: LHB Zion Davidson
|
0-0: Called Strike 0-1: Foul Ball, location: 2F 0-2: Fly out, F8 (Line Drive, 78D, EV 104.4 MPH)
|
|
Batting: RHB Trevor Mock
|
0-0: Ball 1-0: Foul Ball, location: 2F 1-1: Ball 2-1: Ball 3-1: Base on Balls
|
|
Batting: RHB Ivan Colon
|
0-0: Ball Trevor Mock is caught stealing 2nd base 2-4 1-0: Foul Ball, location: 2F 1-1: Ball 2-1: Ball 3-1: Base on Balls
|
|
Batting: RHB Jeremy Boerman
|
0-0: Foul Ball, location: 2F 0-1: Called Strike 0-2: Foul Ball, location: 2F 0-2: Strikes out swinging
|
| Top of the 2nd over - 0 runs, 0 hits, 0 errors, 1 left on base; Round Rock 0 - Charlotte 0 |
| BOTTOM OF THE 2ND |
|
Charlotte Knights batting - Pitching for Round Rock Express : RHP Eric Richards
|
|
Batting: RHB Ron Johansen
|
0-0: Called Strike 0-1: Ground out 6-3 (Groundball, 6S, EV 84.4 MPH)
|
|
Batting: SHB Matt Childers
|
0-0: Swinging Strike 0-1: Ball 1-1: Called Strike 1-2: Strikes out swinging
|
|
Batting: RHB Vic Lucatero
|
0-0: Fly out, F7 (Flyball, 7, EV 85.6 MPH)
|
| Bottom of the 2nd over - 0 runs, 0 hits, 0 errors, 0 left on base; Round Rock 0 - Charlotte 0 |
| TOP OF THE 3RD |
|
Round Rock Express batting - Pitching for Charlotte Knights : RHP Emilio Gonzalez
|
|
Batting: RHB Laroya Foronda
|
0-0: Swinging Strike 0-1: Ball 1-1: Foul Ball, location: 2F 1-2: Foul Ball, location: 2F 1-2: Ball 2-2: Fly out, F8 (Flyball, 8LS, EV 90.6 MPH)
|
|
Batting: RHB Carlos Lopez
|
0-0: Foul Ball, location: 2F 0-1: Called Strike 0-2: Ground out 3-1 (Groundball, 34S, EV 85.0 MPH)
|
|
Batting: LHB Jody Hudson
|
0-0: SINGLE (Groundball, 4MD, EV 96.2 MPH)
|
|
Batting: RHB Bill Turnbull
|
0-0: Ball Jody Hudson is caught stealing 2nd base 2-4
|
| Top of the 3rd over - 0 runs, 1 hit, 0 errors, 0 left on base; Round Rock 0 - Charlotte 0 |
| BOTTOM OF THE 3RD |
|
Charlotte Knights batting - Pitching for Round Rock Express : RHP Eric Richards
|
|
Batting: LHB Adam Tarbutton
|
0-0: Swinging Strike 0-1: Foul Ball, location: 2F 0-2: Ball 1-2: Foul Ball, location: 2F 1-2: Ball 2-2: Foul Ball, location: 2F 2-2: Fly out, F9 (Flyball, 9LM, EV 83.8 MPH)
|
|
Batting: RHB Kikuo Sato
|
0-0: Ball 1-0: Called Strike 1-1: Ground out 6-3 (Groundball, 6S, EV 78.8 MPH)
|
|
Batting: RHB Steve Waltenbery
|
0-0: Called Strike 0-1: Swinging Strike 0-2: Strikes out swinging
|
| Bottom of the 3rd over - 0 runs, 0 hits, 0 errors, 0 left on base; Round Rock 0 - Charlotte 0 |
| TOP OF THE 4TH |
|
Round Rock Express batting - Pitching for Charlotte Knights : RHP Emilio Gonzalez
|
|
Batting: RHB Bill Turnbull
|
0-0: Foul Ball, location: 2F 0-1: Foul Ball, location: 2F 0-2: Foul Ball, location: 2F 0-2: Ball 1-2: Ball 2-2: Strikes out swinging
|
|
Batting: LHB Josh Stuck
|
0-0: SINGLE (Groundball, 4M, EV 107.5 MPH) (infield hit)
|
|
Batting: LHB Zion Davidson
|
0-0: Called Strike 0-1: Ball 1-1: Ball 2-1: Foul Ball, location: 2F 2-2: Reached on error, E1 (Groundball, 13, EV 74.4 MPH) Josh Stuck to second
|
|
Batting: RHB Trevor Mock
|
0-0: Called Strike 0-1: Fielders Choice at 2nd, 3-6 (Groundball, 13, EV 85.0 MPH) Josh Stuck to third
|
|
Batting: RHB Ivan Colon
|
0-0: Ball 1-0: Foul Ball, location: 2F 1-1: Foul Ball, location: 2F 1-2: Ball 2-2: Ball 3-2: Foul Ball, location: 2F 3-2: Fly out, F8 (Flyball, 8RD, EV 90.6 MPH)
|
| Top of the 4th over - 0 runs, 1 hit, 1 error, 2 left on base; Round Rock 0 - Charlotte 0 |
| BOTTOM OF THE 4TH |
|
Charlotte Knights batting - Pitching for Round Rock Express : RHP Eric Richards
|
|
Batting: RHB Jeremy Hoffert
|
0-0: Called Strike 0-1: Bunt missed! 0-2: Ball 1-2: Ground out 2-3 (Groundball, 15S, EV 66.2 MPH)
|
|
Batting: LHB Carlos Ramirez
|
0-0: Ball 1-0: Swinging Strike 1-1: Foul Ball, location: 2F 1-2: Strikes out swinging
|
|
Batting: LHB Ricardo Pagan
|
0-0: Ball 1-0: Foul Ball, location: 2F 1-1: Swinging Strike 1-2: Strikes out swinging
|
| Bottom of the 4th over - 0 runs, 0 hits, 0 errors, 0 left on base; Round Rock 0 - Charlotte 0 |
| TOP OF THE 5TH |
|
Round Rock Express batting - Pitching for Charlotte Knights : RHP Emilio Gonzalez
|
|
Batting: RHB Jeremy Boerman
|
0-0: Ball 1-0: Swinging Strike 1-1: Ball 2-1: Ball 3-1: Fly out, F9 (Flyball, 9D, EV 87.5 MPH)
|
|
Batting: RHB Laroya Foronda
|
0-0: Fly out, F7 (Flyball, 7S, EV 93.8 MPH)
|
|
Batting: RHB Carlos Lopez
|
0-0: Ball 1-0: Called Strike 1-1: Ground out 6-3 (Groundball, 6, EV 78.1 MPH)
|
| Top of the 5th over - 0 runs, 0 hits, 0 errors, 0 left on base; Round Rock 0 - Charlotte 0 |
| BOTTOM OF THE 5TH |
|
Charlotte Knights batting - Pitching for Round Rock Express : RHP Eric Richards
|
|
Batting: RHB Ron Johansen
|
0-0: Ball 1-0: Ground out 6-3 (Groundball, 6, EV 106.2 MPH)
|
|
Batting: SHB Matt Childers
|
0-0: Called Strike 0-1: Called Strike 0-2: Strikes out looking
|
|
Batting: RHB Vic Lucatero
|
0-0: Ground out 4-3 (Groundball, 4, EV 108.1 MPH)
|
| Bottom of the 5th over - 0 runs, 0 hits, 0 errors, 0 left on base; Round Rock 0 - Charlotte 0 |
| TOP OF THE 6TH |
|
Round Rock Express batting - Pitching for Charlotte Knights : RHP Emilio Gonzalez
|
|
Batting: LHB Jody Hudson
|
0-0: Foul Ball, location: 2F 0-1: Foul Ball, location: 2F 0-2: Ball 1-2: Ball 2-2: Ball 3-2: Strikes out swinging
|
|
Batting: RHB Bill Turnbull
|
0-0: Ball 1-0: Fly out, F7 (Flyball, 7S, EV 86.9 MPH)
|
|
Batting: LHB Josh Stuck
|
0-0: Foul Ball, location: 2F 0-1: Ball 1-1: Ground out 4-3 (Groundball, 4, EV 93.1 MPH)
|
| Top of the 6th over - 0 runs, 0 hits, 0 errors, 0 left on base; Round Rock 0 - Charlotte 0 |
| BOTTOM OF THE 6TH |
|
Charlotte Knights batting - Pitching for Round Rock Express : RHP Eric Richards
|
|
Batting: LHB Adam Tarbutton
|
0-0: Called Strike 0-1: Swinging Strike 0-2: Ground out 6-3 (Groundball, 6, EV 101.9 MPH)
|
|
Batting: RHB Kikuo Sato
|
0-0: Ball 1-0: SINGLE (Groundball, 56D, EV 99.4 MPH)
|
|
Batting: RHB Steve Waltenbery
|
0-0: Ball 1-0: Called Strike 1-1: Swinging Strike 1-2: Foul Ball, location: 2F 1-2: Foul Ball, location: 2F 1-2: SINGLE (Groundball, 5L, EV 98.8 MPH) Kikuo Sato to second
|
|
Batting: RHB Jeremy Hoffert
|
0-0: Ball 1-0: Called Strike 1-1: Fly out, F7 (Line Drive, 7LM, EV 99.4 MPH)
|
|
Batting: LHB Carlos Ramirez
|
0-0: Swinging Strike 0-1: Ball 1-1: Foul Ball, location: 2F 1-2: Strikes out swinging
|
| Bottom of the 6th over - 0 runs, 2 hits, 0 errors, 2 left on base; Round Rock 0 - Charlotte 0 |
| TOP OF THE 7TH |
|
Round Rock Express batting - Pitching for Charlotte Knights : RHP Emilio Gonzalez
|
|
Batting: LHB Zion Davidson
|
0-0: Ball 1-0: Called Strike 1-1: Ball 2-1: Ball 3-1: Foul Ball, location: 2F 3-2: Ground out 6-3 (Groundball, 6, EV 76.2 MPH)
|
|
Batting: RHB Trevor Mock
|
0-0: Ball 1-0: Ball 2-0: Called Strike 2-1: Swinging Strike 2-2: Strikes out swinging
|
|
Batting: RHB Ivan Colon
|
0-0: Called Strike 0-1: Ball 1-1: Ground out 6-3 (Groundball, 6, EV 79.4 MPH)
|
| Top of the 7th over - 0 runs, 0 hits, 0 errors, 0 left on base; Round Rock 0 - Charlotte 0 |
| BOTTOM OF THE 7TH |
|
Charlotte Knights batting - Pitching for Round Rock Express : RHP Eric Richards
|
|
Batting: LHB Ricardo Pagan
|
0-0: Called Strike 0-1: Ball 1-1: Foul Ball, location: 2F 1-2: Foul Ball, location: 2F 1-2: SINGLE (Groundball, 5S, EV 64.4 MPH) (infield hit)
|
|
Batting: RHB Ron Johansen
|
0-0: Ball 1-0: Called Strike 1-1: Ball 2-1: Foul Ball, location: 2F 2-2: Ball 3-2: TRIPLE (Flyball, 89XD, EV 104.4 MPH) Ricardo Pagan scores
|
|
Batting: SHB Matt Childers
|
0-0: Called Strike 0-1: Foul Ball, location: 2F 0-2: Ball 1-2: Strikes out swinging
|
|
Batting: RHB Vic Lucatero
|
Squeeze bunt is on, Ron Johansen is out 0-1: Ball 1-1: DOUBLE (Flyball, 78D, EV 110.6 MPH)
|
|
Batting: LHB Adam Tarbutton
|
0-0: Ball 1-0: Ball 2-0: Ball 3-0: Base on Balls
|
|
Batting: RHB Kikuo Sato
|
0-0: Ball 1-0: Called Strike 1-1: Ground out U3 (Groundball, 3S, EV 86.2 MPH)
|
| Bottom of the 7th over - 1 run, 3 hits, 0 errors, 2 left on base; Round Rock 0 - Charlotte 1 |
| TOP OF THE 8TH |
|
Round Rock Express batting - Pitching for Charlotte Knights : RHP Emilio Gonzalez
|
|
Pitching: RHP Dave McGee
|
|
|
Now at 1B: Ron Johansen
|
|
|
Now at 2B: Fletcher Easter
|
|
|
Batting: RHB Jeremy Boerman
|
0-0: Ball 1-0: Called Strike 1-1: Ball 2-1: Ball 3-1: Ground out 6-3 (Groundball, 6, EV 89.4 MPH)
|
|
Batting: RHB Laroya Foronda
|
0-0: Ground out 2-3 (Groundball, 15S, EV 74.4 MPH)
|
|
Batting: RHB Carlos Lopez
|
0-0: Called Strike 0-1: Called Strike 0-2: Ball 1-2: Ball 2-2: Strikes out looking
|
| Top of the 8th over - 0 runs, 0 hits, 0 errors, 0 left on base; Round Rock 0 - Charlotte 1 |
| BOTTOM OF THE 8TH |
|
Charlotte Knights batting - Pitching for Round Rock Express : RHP Eric Richards
|
|
Batting: RHB Steve Waltenbery
|
0-0: Ball 1-0: Ball 2-0: Called Strike 2-1: Called Strike 2-2: Ball 3-2: Foul Ball, location: 2F 3-2: Ground out 4-3 (Groundball, 34, EV 91.9 MPH)
|
|
Batting: RHB Jeremy Hoffert
|
0-0: Called Strike 0-1: SINGLE (Line Drive, 4MD, EV 96.2 MPH)
|
|
Pitching: RHP Jason Williams
|
|
|
Batting: RHB Fletcher Easter
|
0-0: Ball 1-0: Fly out, F9 (Flyball, 9D, EV 93.8 MPH)
|
|
Batting: LHB Ricardo Pagan
|
0-0: Called Strike Jeremy Hoffert steals 2nd base 0-1: Ball 1-1: Reached on error, E1 (Groundball, 15S, EV 58.8 MPH) Jeremy Hoffert scores
|
|
Batting: RHB Ron Johansen
|
0-0: Foul Ball, location: 2F 0-1: Ball 1-1: Fly out, F8 (Flyball, 8LM, EV 86.2 MPH)
|
| Bottom of the 8th over - 1 run, 1 hit, 1 error, 1 left on base; Round Rock 0 - Charlotte 2 |
| TOP OF THE 9TH |
|
Round Rock Express batting - Pitching for Charlotte Knights : RHP Dave McGee
|
|
Pitching: LHP Steven Wolf
|
|
|
Pinch Hitting: RHB Martin Guerrero
|
0-0: Ball 1-0: Foul Ball, location: 2F 1-1: Foul Ball, location: 2F 1-2: Foul Ball, location: 2F 1-2: Foul Ball, location: 2F 1-2: Ball 2-2: Foul Ball, location: 2F 2-2: Foul Ball, location: 2F 2-2: Ground out 5-3 (Groundball, 56, EV 110.6 MPH)
|
|
Batting: RHB Bill Turnbull
|
0-0: Called Strike 0-1: Ball 1-1: Ball 2-1: Swinging Strike 2-2: Foul Ball, location: 2F 2-2: Ball 3-2: Foul Ball, location: 2F 3-2: Fly out, F9 (Flyball, 9S, EV 91.9 MPH)
|
|
Batting: RHB Mike Quackenbush
|
0-0: Ball 1-0: Swinging Strike 1-1: Ball 2-1: Swinging Strike 2-2: Fly out, F7 (Flyball, 7LM, EV 86.9 MPH)
|
| Top of the 9th over - 0 runs, 0 hits, 0 errors, 0 left on base; Round Rock 0 - Charlotte 2 |
|